 Dungeon Crawl Stone Soup version 0.29-a0-284-gf9362112df (webtiles) character file.

Game seed: 17954100094235592819

2189 spaghetti the Fighter (level 9, -5/93 (101) HPs)
             Began as an Ogre Warper on Mar 25, 2022.
             Was a Believer of Kikubaaqudgha.
             Slain by a yak (8 damage)
             ... on level 7 of the Dungeon.
             The game lasted 00:28:44 (14863 turns).

spaghetti the Fighter (Ogre Warper)                Turns: 14863, Time: 00:28:44

HP:   -5/93 (101)   AC:  3    Str: 23    XL:     9   Next: 33%
MP:   10/19         EV: 10    Int: 14    God:    Kikubaaqudgha [**....]
Gold: 0             SH:  0    Dex: 16    Spells: 7/22 levels left

rFire   . . .      SeeInvis .   n - +1 hand axe (elec) {axe}
rCold   . . .      Faith    .   (no shield)
rNeg    . . .      Spirit   .   b - +0 robe
rPois   +          Reflect  .   (helmet restricted)
rElec   .          Harm     .   (no cloak)
rCorr   .          Rampage  .   (gloves unavailable)
Will    .....                   (boots unavailable)
Stlth   +.........              (no amulet)
HPRegen 0.25/turn               f - +6 ring of dexterity
MPRegen 0.16/turn               (no ring)

@: sluggish, on blink cooldown, drained, very slow
A: large, unfitting armour, tough skin 1, agile 1, poison resistance, strong 1
a: Renounce Religion, Receive Corpses


You were on level 7 of the Dungeon.
You worshipped Kikubaaqudgha.
Kikubaaqudgha was pleased with you.
You visited 1 branch of the dungeon, and saw 8 of its levels.


Innate Abilities, Weirdness & Mutations

You are too large for most types of armour.
You have tough skin. (AC +1)
You are agile. (Dex +2)
Your system is resistant to poisons. (rPois)
Your muscles are strong. (Str +2)


   Skills:
 * Level 10.2 Fighting
 - Level 1.7 Maces & Flails
 - Level 5.0 Throwing
 - Level 2.1 Dodging
 + Level 7.1 Spellcasting
 + Level 5.4 Translocations


You had 7 spell levels left.
You knew the following spells:

 Your Spells              Type           Power      Damage    Failure   Level
a - Blink                 Tloc           40%        N/A       2%          2
b - Teleport Other        Tloc           20%        N/A       4%          3
c - Swiftness             Air            4%         N/A       38%         3
d - Wereblood             Tmut           4%         N/A       22%         2
e - Manifold Assault      Tloc           20%        N/A       38%         5

Your spell library contained the following spells:

 Spells                   Type           Power      Damage    Failure   Level
 Gell's Gravitas          Tloc           20%        N/A       4%          3
 Lesser Beckoning         Tloc           20%        N/A       4%          3
 Animate Skeleton         Necr           8%         N/A       14%         1
 Beastly Appendage        Tmut           8%         N/A       14%         1
 Shock                    Conj/Air       16%        1d4       14%         1
 Corpse Rot               Necr/Air       8%         N/A       22%         2
 Scorch                   Fire           8%         2d5       22%         2
 Static Discharge         Conj/Air       4%         N/A       22%         2
 Spider Form              Tmut/Pois      4%         N/A       38%         3
 Vampiric Draining        Necr           4%         2d6       38%         3
 Summon Forest            Summ/Tloc      6%         N/A       77%         5
 Airstrike                Air            2%         N/A       80%         4
 Flame Wave               Conj/Fire      4%         2d5       80%         4
 Agony                    Necr           4%         N/A       98%         5
 Lightning Bolt           Conj/Air       2%         1d13      98%         5
 Summon Mana Viper        Hex/Summ       4%         N/A       98%         5
 Summon Cactus Giant      Summ           2%         N/A       100%        6
 Maxwell's Capacitive Co  Air            2%         โˆž       100%        8

Inventory:

Hand Weapons
 a - a +0 mace {mace}
 n - a +1 hand axe of electrocution (weapon) {axe}
   (You took it off an orc on level 5 of the Dungeon)
Missiles
 e - 192 stones (quivered) {throwing}
 h - 13 poisoned darts {throwing}
 l - 2 large rocks {=fthrowing}
 m - 6 atropa-tipped darts {throwing}
 v - 2 boomerangs {throwing}
Armour
 b - a +0 robe (worn)
Jewellery
 f - a +6 ring of dexterity (left hand)
   (You found it on level 1 of the Dungeon)
Wands
 c - a wand of flame (12)
   (You found it on level 4 of the Dungeon)
 k - a wand of digging (13)
   (You found it on level 3 of the Dungeon)
 o - a wand of charming (15)
   (You found it on level 4 of the Dungeon)
 w - a wand of acid (15)
   (You found it on level 6 of the Dungeon)
 A - a wand of paralysis (8)
   (You found it on level 7 of the Dungeon)
Scrolls
 g - 2 scrolls of identify {@r1}
 i - 2 scrolls of fog
 j - 2 scrolls of immolation {!r!r}
 u - 2 scrolls of teleportation {@r4}
 y - a scroll of noise {!r}
 z - a scroll of silence {!r}
Potions
 p - a potion of magic
 q - a potion of curing {@q1}
 s - a potion of invisibility
 x - 3 potions of mutation {!q}

Dungeon Overview and Level Annotations

Branches:
Dungeon (8/15)             Temple (0/1) D:4
   Lair: D:8-11

Altars:
Elyvilon
Fedhas
Kikubaaqudgha
Qazlal
Ru
Trog

Annotations:
D:3 exclusion: 2 doors
D:6 exclusion: 2 doors
D:8 Maurice

# #####....###.# #
#########..##.Y #
#.......(#.##.#
###
#.......(#..#.#
..#
#.......(##.#.#
..#
##........##.#.#
..#
##........<+Y.Y.#
..#
##Y#........###Y..
..# ##@#########.#
#..# ..# ##Y##
#######.# #..# ..#
##ยง##
#.....#.###..# ###
#ยง##
#.....'.......
########## #.##
#.....#####...
##.......# ##
#...).#####...
##.......#
#.........##..
##.......#
#.........##..
#####'####
#.........##..


You could see 2 yaks.


Message History

You are too injured to fight recklessly!
You are too injured to fight recklessly!
You are too injured to fight recklessly!
You are too injured to fight recklessly!
You are too injured to fight recklessly!
You are too injured to fight recklessly!
You are too injured to fight recklessly!
Unknown command.
Casting: Teleport Other (mildly dangerous; 4% risk of failure)
Confirm with . or Enter, or press ? or * to list all spells.
Your blood is infused with primal strength.
The yak closely misses you.
The yak barely misses you. ๐Ÿ˜• HP[+1] MP[-2]
You lost 2 mp, and now have 17/19 mp.
You barely miss the yak. You hit the yak. The yak gores you.
The yak closely misses you. The yak gores you! ๐Ÿ˜ฎ HP[-14]
You take 14 damage, and now have 63/93 hp.
You barely miss the yak. You hit the yak. The yak closely misses you.
The yak gores you! The yak barely misses you. ๐Ÿ˜ฎ HP[-9]
You take 9 damage, and now have 54/93 hp.
You barely miss the yak. x2; The yak gores you but does no damage.
The yak gores you!
* * * LOW HITPOINT WARNING * * *
๐Ÿ˜จ HP[-11]
You take 11 damage, and now have 43/93 hp.
You completely miss the yak. You hit the yak. The yak gores you!
* * * LOW HITPOINT WARNING * * *
The yak barely misses you. ๐Ÿ˜จ HP[-11] MP[+1]
You take 11 damage, and now have 32/93 hp.
Unknown command.
Casting: Wereblood (safe; 22% risk of failure)
Confirm with . or Enter, or press ? or * to list all spells.
You blink. ๐Ÿ˜จ MP[-2]
You lost 2 mp, and now have 16/19 mp.
Throw: 3 large rocks {=fthrowing}
Press: ? - help, Shift-Dir - straight line, f - yak
Aim: a yak (76% to hit)
You throw a large rock {=fthrowing}.
The large rock {=fthrowing} hits the yak!
The yak gores you.
* * * LOW HITPOINT WARNING * * *
The yak closely misses you. ๐Ÿ˜จ HP[-5]
You take 5 damage, and now have 27/93 hp.
Casting: Blink (safe; 2% risk of failure)
Confirm with . or Enter, or press ? or * to list all spells.
Okay, then.
Okay, then.
Casting: Blink (safe; 2% risk of failure)
Confirm with . or Enter, or press ? or * to list all spells.
You feel quick. The yak gores you!
* * * LOW HITPOINT WARNING * * *
The yak gores you!
* * * LOW HITPOINT WARNING * * *
๐Ÿ˜ฑ HP[-22] MP[-3]
You take 22 damage, and now have 5/93 hp.
MASSIVE DAMAGE!! (PAUSE)
You lost 3 mp, and now have 13/19 mp.
Okay, then.
You feel better. The yak gores you.
* * * LOW HITPOINT WARNING * * *
The yak gores you.
* * * LOW HITPOINT WARNING * * *
๐Ÿ˜ฑ HP[+4]
You regained 4 hp, and now have 9/93 hp.
You feel stable enough to blink again. The yak gores you but does no damage.
Unknown command. ๐Ÿ˜ฑ MP[+1] ๐Ÿ˜ฑ HP[+1]
Aiming: Dig
Press: ? - help, Shift-Dir - straight line, p - yak A rock wall.
The rock shatters into small pieces.
You start to feel a little slower.
Your primal bloodlust is almost over. ๐Ÿ˜ฑ HP[+1] ๐Ÿ˜ฑ MP[+1]
Casting: Swiftness (dangerous; 38% risk of failure)
Confirm with . or Enter, or press ? or * to list all spells.
Aiming: Teleport Other (mildly dangerous; 4% risk of failure)
Press: ? - help, Shift-Dir - straight line, f - yak
Aim: a yak (lightly wounded, chance to affect: 60%)
The yak looks slightly unstable.
You feel sluggish. ๐Ÿ˜ฑ HP[+1] MP[-3]
You lost 3 mp, and now have 12/19 mp.
Casting: Teleport Other (mildly dangerous; 4% risk of failure)
Confirm with . or Enter, or press ? or * to list all spells.
You blink.
Your primal bloodlust has ended.
The yak disappears!
The yak gores you!
* * * LOW HITPOINT WARNING * * *
The yak gores you!
You die...
Kikubaaqudgha rasps: "You have failed me!
Welcome... death!"

Skill      XL: |  1  2  3  4  5  6  7  8  9 |
---------------+----------------------------+-----
Fighting       | 3 4 5 6 9 10 | 10.2
Throwing       | 2 3 4 5 |  5.0
Translocations | 3 4 5 |  5.4
Spellcasting   | 3 4 5 6 7 |  7.1
Maces & Flails | |  1.7
Dodging        | |  2.1

Action                   |  1- 3 |  4- 6 |  7- 9 || total
-------------------------+-------+-------+-------++-------
Melee: Mace              |   145 |   187 |    27 ||   359
       Punch             |     2 |     1 |     4 ||     7
       Hand axe          |       |       |   218 ||   218
Throw: Stone             |    24 |    66 |    82 ||   172
       Boomerang         |       |     7 |       ||     7
       Dart              |       |    12 |       ||    12
       Large rock        |       |     4 |     4 ||     8
 Cast: Blink             |     4 |     4 |    14 ||    22
       Teleport Other    |     1 |    19 |    42 ||    62
       Swiftness         |       |     1 |     5 ||     6
       Wereblood         |       |       |    10 ||    10
Evoke: Wand              |       |       |     1 ||     1
  Use: Potion            |     5 |     2 |     5 ||    12
       Scroll            |     2 |     5 |     5 ||    12
 Stab: Sleeping          |     2 |     1 |     1 ||     4
       Distracted        |       |     1 |       ||     1
       Invisible         |       |     1 |       ||     1
Armor: Robe              |    33 |    97 |    50 ||   180
Dodge: Dodged            |   117 |   151 |   143 ||   411

Levels and vault maps discovered:
D:1:      pf_arrival_petrified_forest, layout_loops_ring,
          hellmonk_ecumenical_altar_blasted, grunt_decor_junction
D:2:      layout_loops_ring, basic_altar
D:3:      layout_loops_corners, kennysheep_generic_room_4
D:4:      old_forge, layout_rooms, nicolae_overflow_hidden_temple,
          minmay_temple_entry_crystal_x, amcnicky_mini_pool_small,
          minmay_circle_x
D:5:      layout_loops_ring, kennysheep_mini_moat
D:6:      layout_basic, kennysheep_little_box, mainiacjoe_overflow_24_doors,
          elyvilon_altar_5
D:7:      layout_basic, serial_curves, eino_curves_04, eino_curves_01
D:8:      layout_rooms, mainiacjoe_overflow_chevrons, uniq_prince_ribbit1,
          uniq_maurice

Notes
Turn   | Place    | Note
-------+----------+-------------------------------------------
     0 | D:1      | spaghetti the Ogre Warper began the quest for the Orb.
     0 | D:1      | Reached XP level 1. HP: 22/22 MP: 3/3
     0 | D:1      | magus.rc [v1.9.6]
    29 | D:1      | HP: 5/22 [rat (2)]
   325 | D:1      | Reached skill level 3 in Fighting
   340 | D:1      | Reached XP level 2. HP: 28/31 MP: 5/5
   343 | D:1      | Learned a level 2 spell: Blink
   418 | D:1      | Found a faded altar of an unknown god.
   429 | D:1      | You fall into a shaft and drop 1 floor!
   480 | D:2      | You pick up a book of Lightning and begin reading...
   480 | D:2      | You add the spells Static Discharge, Lightning Bolt and
                  | Maxwell's Capacitive Coupling to your library.
   484 | D:2      | Found a stormy altar of Qazlal.
   993 | D:2      | Reached skill level 2 in Throwing
  1041 | D:2      | HP: 7/31 [gnoll/+0 flail (10)]
  1064 | D:2      | HP: 4/31 [gnoll/+0 flail (6)]
  1563 | D:1      | Reached XP level 3. HP: 39/39 MP: 6/6
  1864 | D:1      | You pick up a book of Changes and begin reading...
  1864 | D:1      | You add the spells Beastly Appendage, Wereblood and Spider
                  | Form to your library.
  1869 | D:1      | Learned a level 3 spell: Teleport Other
  2080 | D:1      | Reached skill level 4 in Fighting
  2183 | D:1      | Prayed at the altar of an unknown god.
  2183 | D:1      | Became a worshipper of Kikubaaqudgha
  2183 | D:1      | Reached * piety under Kikubaaqudgha
  2183 | D:1      | You add the spells Animate Skeleton, Corpse Rot, Vampiric
                  | Draining and Agony to your library.
  2183 | D:1      | Received a gift from Kikubaaqudgha
  2681 | D:2      | You fall into a shaft and drop 2 floors!
  2869 | D:4      | You pick up a book of the Wilderness and begin reading...
  2869 | D:4      | You add the spells Summon Forest, Summon Mana Viper and
                  | Summon Cactus Giant to your library.
  2915 | D:4      | Noticed a scorpion
  2923 | D:4      | Gained mutation: You are agile. (Dex +2) [potion of
                  | mutation]
  2923 | D:4      | Gained mutation: Your system is resistant to poisons.
                  | (rPois) [potion of mutation]
  2923 | D:4      | Gained mutation: Your muscles are strong. (Str +2) [potion
                  | of mutation]
  2930 | D:4      | Noticed a scorpion
  3219 | D:3      | Reached XP level 4. HP: 35/48 MP: 7/7
  4129 | D:3      | HP: 12/48 [poisoned by a scorpion]
  4134 | D:3      | HP: 7/48 [poisoned by a scorpion]
  4615 | D:2      | You pick up a book of Air and begin reading...
  4615 | D:2      | You add the spells Shock, Swiftness and Airstrike to your
                  | library.
  4725 | D:2      | Learned a level 3 spell: Swiftness
  4747 | D:2      | Reached skill level 3 in Translocations
  5111 | D:2      | Reached skill level 3 in Spellcasting
  5459 | D:3      | Reached XP level 5. HP: 49/55 MP: 9/9
  5689 | D:1      | HP: 13/55 [scorpion (2)]
  5692 | D:1      | Reached skill level 3 in Throwing
  6008 | D:4      | HP: 12/55 [scorpion (2)]
  6012 | D:4      | Reached skill level 5 in Fighting
  6012 | D:4      | Reached XP level 6. HP: 8/66 MP: 11/11
  6346 | D:4      | Noticed a sky beast
  6354 | D:4      | HP: 13/66 [something (6)]
  6387 | D:4      | HP: 9/66 [howler monkey (5)]
  6693 | D:5      | Entered Level 5 of the Dungeon
  6709 | D:5      | HP: 13/66 [scorpion (5)]
  6767 | D:4      | Reached ** piety under Kikubaaqudgha
  6970 | D:4      | Found a staircase to the Ecumenical Temple.
  7012 | D:4      | Learned a level 2 spell: Wereblood
  7104 | D:4      | Reached skill level 4 in Spellcasting
  7454 | D:4      | Reached XP level 7. HP: 62/74 MP: 5/13
  8057 | D:4      | d - a -1 eveningstar {macerare=g}
  8289 | D:5      | Reached skill level 6 in Fighting
  8289 | D:5      | Reached skill level 4 in Throwing
  8289 | D:5      | Reached skill level 4 in Translocations
  8484 | D:5      | Found a bloodstained altar of Trog.
  8529 | D:5      | You pick up a book of Scorching and begin reading...
  8529 | D:5      | You add the spells Scorch and Flame Wave to your library.
  8969 | D:5      | Reached skill level 5 in Spellcasting
  8978 | D:5      | Reached XP level 8. HP: 36/84 MP: 15/15
  9230 | D:5      | Reached skill level 7 in Fighting
  9230 | D:5      | Reached skill level 5 in Throwing
 10379 | D:6      | Found a blossoming altar of Fedhas.
 10413 | D:6      | Noticed a yak
 10413 | D:6      | Noticed a yak
 10414 | D:6      | Noticed a yak
 10414 | D:6      | Noticed a yak
 10428 | D:6      | HP: 16/88 [something (8)]
 10428 | D:6      | HP: 3/88 [yak (13)]
 10788 | D:6      | Found a sacrificial altar of Ru.
 10812 | D:6      | HP: 21/88 [yak (10)]
 10813 | D:6      | Killed a yak
 10814 | D:6      | Reached skill level 8 in Fighting
 10814 | D:6      | Reached skill level 6 in Spellcasting
 11352 | D:6      | Killed a yak
 11864 | D:6      | Found a white marble altar of Elyvilon.
 11914 | D:6      | Reached skill level 9 in Fighting
 12508 | D:7      | Reached XP level 9. HP: 32/98 MP: 18/18
 12519 | D:7      | Reached skill level 5 in Translocations
 12801 | D:7      | Learned a level 5 spell: Manifold Assault
 13396 | D:7      | Reached skill level 7 in Spellcasting
 13410 | D:7      | Reached skill level 10 in Fighting
 14273 | D:8      | Noticed Maurice
 14281 | D:8      | something steals your -1 eveningstar {macerare=g}!
 14287 | D:7      | HP: 23/93 [something (1)]
 14529 | D:7      | HP: 11/93 [yak (13)]
 14535 | D:8      | HP: 7/93 [yak (6)]
 14847 | D:7      | HP: 18/93 [yak (10)]
 14847 | D:7      | HP: 5/93 [yak (13)]
 14863 | D:7      | HP: 3/93 [yak (9)]
 14863 | D:7      | Slain by a yak

Vanquished Creatures
  2 yaks (D:6)
  2 water moccasins
  2 black bears
  An ogre (D:5)
  A phantom (D:6)
  A centaur (D:5)
  2 kobold brigands
  A necrophage (D:7)
  6 scorpions
  3 wights (D:7)
  A howler monkey (D:4)
  3 hounds
  A jelly (D:6)
  3 iguanas
  4 orc wizards
  11 adders
  A shadow imp (D:7)
  6 worms
  5 dart slugs
  13 orcs
  6 endoplasms
  3 giant cockroaches
  7 goblins
  8 hobgoblins
  4 jackals (D:1)
  14 kobolds
  5 ball pythons
  11 bats
  A frilled lizard (D:3)
  4 rats
132 creatures vanquished.

Vanquished Creatures (others)
  15 fungi (D:4)
15 creatures vanquished.

Grand Total: 147 creatures vanquished

Table legend:
 A = Non-vault XP
 B = Vault XP
 C = Vault XP percentage of total XP
 D = Non-vault monster count
 E = Vault monster count
 F = Vault count percentage of total count
                 A         B        C        D         E       F
            +---------+---------+-------+---------+---------+-------
      Total |    2565 |     563 |  18.0 |     114 |      18 |  13.6
            +---------+---------+-------+---------+---------+-------
        D:1 |      43 |      88 |  67.2 |      23 |       1 |   4.2
        D:2 |      64 |       0 |   0.0 |      14 |       0 |   0.0
        D:3 |      53 |       4 |   7.0 |      19 |       1 |   5.0
        D:4 |      30 |     383 |  92.7 |       6 |      15 |  71.4
        D:5 |     652 |      88 |  11.9 |      19 |       1 |   5.0
        D:6 |     925 |       0 |   0.0 |      18 |       0 |   0.0
        D:7 |     798 |       0 |   0.0 |      15 |       0 |   0.0
            +---------+---------+-------+---------+---------+-------

Illustrated notes

Table legend:
 A = Kills in this place as a percentage of kills in entire the game.
 B = Kills by you in this place as a percentage of kills by you in the entire game.
 C = Kills by friends in this place as a percentage of kills by friends in the entire game.
 D = Other kills in this place as a percentage of other kills in the entire game.
 E = Experience gained in this place as a percentage of experience gained in the entire game.
 F = Experience gained in this place divided by the number of levels of this place that you have seen.
                   A       B       C       D       E      F
               +-------+-------+-------+-------+-------+----------------------
         Total | 100.0 | 100.0 |   N/A |   N/A | 100.0 | 391.0
       Dungeon | 100.0 | 100.0 |   N/A |   N/A | 100.0 | 391.0
               +-------+-------+-------+-------+-------+----------------------

Table legend: (Time is in decaauts)
 A = Elapsed time spent in this place.
 B = Non-inter-level travel time spent in this place.
 C = Inter-level travel time spent in this place.
 D = Time resting spent in this place.
 E = Time spent auto-exploring this place.
 F = Levels seen in this place.
 G = Mean time per level.
                   A        B        C        D        E       F      G
               +--------+--------+--------+--------+--------+-----+--------+
         Total |  15004 |  14602 |    402 |   6626 |   5878 |   8 | 1875.5 |
       Dungeon |  15004 |  14602 |    402 |   6626 |   5878 |   8 | 1875.5 |
               +--------+--------+--------+--------+--------+-----+--------+

Top non-repeatable levels by time:
     D:6: 3100 daAuts
     D:3: 2931 daAuts
     D:7: 2151 daAuts
     D:4: 2021 daAuts
     D:1: 1964 daAuts
     D:5: 1575 daAuts
     D:2: 1243 daAuts
     D:8: 16 daAuts
